 Dungeon Crawl Stone Soup version 0.14.0-19-g73085dc (webtiles) character file.

1004 sprout the Basher (level 7, -1/66 HPs)
             Began as a Minotaur Berserker on Apr 20, 2014.
             Was an Elder of Trog.
             Shot with an arrow by a centaur (8 damage)
             ... on Level 6 of the Dungeon.
             The game lasted 00:13:22 (4256 turns).

sprout the Basher (Minotaur Berserker)              Turns: 4256, Time: 00:13:22

HP  -1/66        AC 11     Str 22      XL: 7   Next: 77%
MP   3/3         EV  5     Int  4      God: Trog [****..]
Gold 115         SH  8     Dex 11      Spells:  0 memorised,  6 levels left

rFire  . . .     SeeInvis .     y - +0,+2 morningstar (holy)
rCold  . . .     Clarity  .     H - +0 plate armour
rNeg   . . .     Conserve .     F - +0 buckler
rPois  .         rCorr    .     (helmet restricted)
rElec  .         rRot     .     (no cloak)
SustAb . .       Spirit   .     (no gloves)
rMut   .         Warding  .     (no boots)
Saprov . . .     Stasis   .     (no amulet)
MR     .....                    (no ring)
                                (no ring)

@: not resistant to hostile enchantments, extremely unstealthy
A: retaliatory headbutt, horns 2
a: Burn Spellbooks, Berserk, Trog's Hand, Brothers in Arms, Renounce Religion


You were on level 6 of the Dungeon.
You worshipped Trog.
Trog was greatly pleased with you.
You were not hungry.

You visited 1 branch of the dungeon, and saw 6 of its levels.

You collected 115 gold pieces.

Inventory:

Hand weapons
 a - a +0,+0 mace
 y - a +0,+2 morningstar of holy wrath (weapon)
 C - a +0,+0 bow
Missiles
 D - 33 arrows
Armour
 b - a +0 animal skin
 E - the cursed +0 leather armour "Fuvueceff" {rElec}
   (You found it on level 5 of the Dungeon)

   It insulates you from electricity.
   It has a curse placed upon it.
 F - a +0 buckler (worn)
 H - a +0 plate armour (worn)
Magical devices
 k - a wand of slowing (9) {unknown}
 G - a wand of fire (3)
Comestibles
 c - a bread ration
 l - a pear
 m - a slice of pizza
 n - 2 meat rations
 r - a beef jerky
 x - a choko
 z - an apple
Scrolls
 e - a scroll of blinking {unknown}
 f - a scroll of identify
 h - 2 scrolls of noise {unknown}
 j - a scroll of enchant weapon II {unknown}
 o - 5 scrolls of teleportation
 s - 2 scrolls of remove curse {unknown}
 u - a scroll of enchant weapon I {unknown}
Jewellery
 p - an uncursed amulet of rage
Potions
 d - a potion of degeneration {unknown}
 g - a potion of resistance {unknown}
 i - 5 potions of curing {unknown}
 q - a potion of magic {unknown}
 t - a potion of restore abilities {unknown}
 v - a potion of cure mutation {unknown}
 w - a potion of brilliance {unknown}
 A - a potion of lignification {unknown}
 B - a potion of haste {unknown}
 I - a potion of heal wounds {unknown}


   Skills:
 + Level 7.0 Fighting
 * Level 9.0 Maces & Flails
 + Level 3.3 Armour
 - Level 2.1 Dodging
 + Level 1.6 Shields


You had 6 spell levels left.
You didn't know any spells.

Dungeon Overview and Level Annotations

Branches:
Dungeon (6/15)
 Temple: D:4-7

Altars:

Annotations:
D:4 Menkaure
D:6 Prince Ribbit


Innate Abilities, Weirdness & Mutations

You reflexively headbutt those who attack you in melee.
You have a pair of horns on your head.


Message History

The gnoll hits you from afar with a spear.
* * * LOW HITPOINT WARNING * * *
The orc warrior hits you but does no damage.
There is an open door here.
There is an open door here.
There is an open door here.
There is an open door here.
There is a stone staircase leading down here.
The orc warrior hits you with a war axe!
* * * LOW HITPOINT WARNING * * *
You climb downwards.
A centaur, Prince Ribbit and a skeleton come into view.
Prince Ribbit croaks.
The centaur shouts!
Found 6 gold pieces.
Found a stone staircase leading down and a stone staircase leading up.
There is a stone staircase leading up here.
Read which item? (? for menu, Esc to quit)
Okay, then.
The centaur wields a bow.
The centaur shoots an arrow.
The arrow hits you!
You die...

########
.$.......
........F
.........
#.....#
#...o.#
#....@#
####.##
... .c...
<..Z...
##.##. #.
##


You could see Prince Ribbit, an orc warrior, a centaur and a centaur skeleton.

Vanquished Creatures
  2 centaurs (D:5)
  Duvessa (D:5)
  A scorpion (D:5)
  Dowan (D:5)
  A crimson imp (D:5)
  2 orc priests
  3 hounds
  An orc wizard (D:5)
  3 worker ants
  Jessica (D:2)
  A hound skeleton (D:5)
  6 gnolls (D:5)
  A worker ant zombie (D:4)
  An orc skeleton (D:4)
  6 adders
  2 giant mites
  2 worms
  3 giant geckos
  8 orcs
  A ball python (D:1)
  7 bats
  6 giant cockroaches
  7 hobgoblins
  2 quokkas
  4 giant newts
  13 goblins
  8 jackals (D:3)
  6 kobolds
  14 rats
  A rat skeleton (D:4)
115 creatures vanquished.

Notes
Turn   | Place    | Note
--------------------------------------------------------------
     0 | D:1      | sprout, the Minotaur Berserker, began the quest for the Orb.
     0 | D:1      | Reached XP level 1. HP: 19/19 MP: 1/1
   110 | D:1      | Reached skill level 4 in Fighting
   110 | D:1      | Reached XP level 2. HP: 21/27 MP: 1/1
   355 | D:1      | Acquired Trog's second power
   463 | D:1      | Reached XP level 3. HP: 33/33 MP: 2/2
   857 | D:2      | Noticed Jessica
   870 | D:2      | Killed Jessica
   870 | D:2      | Reached skill level 5 in Maces & Flails
  1234 | D:3      | Reached XP level 4. HP: 21/41 MP: 2/2
  1559 | D:3      | Reached skill level 5 in Fighting
  1559 | D:3      | Reached XP level 5. HP: 14/48 MP: 2/2
  1807 | D:3      | Reached skill level 6 in Maces & Flails
  2880 | D:4      | Noticed Menkaure
  2985 | D:4      | Acquired Trog's third power
  3002 | D:4      | Reached XP level 6. HP: 56/56 MP: 3/3
  3008 | D:4      | Reached skill level 7 in Maces & Flails
  3110 | D:5      | Entered Level 5 of the Dungeon
  3512 | D:5      | Reached skill level 8 in Maces & Flails
  3512 | D:5      | Reached XP level 7. HP: 34/64 MP: 3/3
  3684 | D:5      | Got a faintly humming leather armour
  3691 | D:5      | Identified the cursed +0 leather armour "Fuvueceff" {rElec} (You found it on level 5 of the Dungeon)
  4077 | D:5      | Noticed Duvessa
  4077 | D:5      | Noticed Dowan
  4129 | D:5      | Killed Duvessa
  4129 | D:5      | Reached skill level 1 in Shields
  4131 | D:5      | Killed Dowan
  4204 | D:5      | Reached skill level 9 in Maces & Flails
  4255 | D:6      | Noticed Prince Ribbit
  4256 | D:6      | Shot with an arrow by a centaur

Action                   |  1- 3 |  4- 6 |  7- 9 || total
-------------------------+-------+-------+-------++-------
Melee: Mace              |    75 |   120 |       ||   195
       Morningstar       |       |    29 |    40 ||    69
Invok: Berserk           |       |     2 |     1 ||     3
  Use: Scroll            |     1 |     1 |     1 ||     3
